 Dungeon Crawl Stone Soup version 0.21-a0-525-ga34b322 (webtiles) character file.

240 empire the Insei (level 6, -3/47 HPs)
             Began as a Gnoll Wanderer on Dec 7, 2017.
             Blown up by Ijyb (14 damage)
             ... with a wand of disintegration (7)
             ... on level 3 of the Dungeon.
             The game lasted 00:06:11 (2077 turns).

empire the Insei (Gnoll Wanderer)                   Turns: 2077, Time: 00:06:13

Health: -3/47      AC:  4    Str: 15    XL:     6   Next: 8%
Magic:  8/8        EV: 15    Int: 14    God:
Gold:   86         SH:  0    Dex: 16    Spells: 8/8 levels left

rFire    . . .     SeeInvis .   b - +0 short sword
rCold    . . .     Gourm    +   (no shield)
rNeg     . . .     Faith    .   c - +0 leather armour
rPois    .         Spirit   .   (no helmet)
rElec    .         Reflect  .   (no cloak)
rCorr    .         Harm     .   p - +0 pair of gloves
MR       .....                  (no boots)
Stlth    ++........             o - amulet of the gourmand
HPRegen  0.15/turn              (no ring)
MPRegen  0.11/turn              (no ring)

@: no status effects
A: distributed training, fangs 1, strong nose
a: no special abilities


You were on level 3 of the Dungeon.
You were near starving.

You visited 1 branch of the dungeon, and saw 3 of its levels.

You collected 86 gold pieces.

Inventory:

Hand Weapons
 a - a +0 dagger
 b - a +0 short sword (weapon)
 t - a +0 halberd
Armour
 c - a +0 leather armour (worn)
 j - a +1 robe of cold resistance
 p - a +0 pair of gloves (worn)
Jewellery
 o - an amulet of the gourmand (around neck)
Scrolls
 g - 3 scrolls of identify {unknown}
 h - a scroll of fear {unknown}
 i - 2 scrolls of remove curse {unknown}
 m - 2 scrolls of teleportation
 r - a scroll of enchant armour {unknown}
 s - a scroll of immolation {unknown}
Potions
 e - a potion of degeneration {unknown}
 k - a potion of heal wounds
 l - 2 potions of agility {unknown}
 n - 2 potions of curing
Miscellaneous
 d - a phial of floods
Comestibles
 f - 2 bread rations
 q - a royal jelly
 u - a meat ration


   Skills:
 + Level 3.1 Fighting
 + Level 1.7 Short Blades
 + Level 1.7 Long Blades
 + Level 1.7 Axes
 + Level 1.7 Maces & Flails
 + Level 1.7 Polearms
 + Level 1.7 Staves
 + Level 1.7 Slings
 + Level 1.7 Bows
 + Level 1.7 Crossbows
 + Level 3.1 Throwing
 + Level 1.7 Armour
 + Level 4.9 Dodging
 + Level 1.7 Stealth
 + Level 1.7 Shields
 + Level 4.9 Unarmed Combat
 + Level 1.7 Spellcasting
 + Level 1.3 Conjurations
 + Level 1.3 Hexes
 + Level 1.3 Charms
 + Level 1.3 Summonings
 + Level 1.3 Necromancy
 + Level 1.3 Translocations
 + Level 4.0 Transmutations
 + Level 1.3 Fire Magic
 + Level 1.3 Ice Magic
 + Level 1.3 Air Magic
 + Level 1.3 Earth Magic
 + Level 2.5 Poison Magic
 + Level 2.0 Invocations
 + Level 3.1 Evocations


You had 8 spell levels left.
You didn't know any spells.

Dungeon Overview and Level Annotations

Branches:
Dungeon (3/15)

Altars:
Ashenzari
Cheibriados
Makhleb

Annotations:
D:3 Ijyb


Innate Abilities, Weirdness & Mutations

Your experience applies equally to all skills.
You have very sharp teeth.
Your uncanny sense of smell can sniff out nearby items.


Message History

You have reached level 5!
You have reached level 6!
Your experience leads to an increase in your attributes!
Increase (S)trength, (I)ntelligence, or (D)exterity?
You feel clever.
You feel yourself speed up.
You now have 86 gold pieces (gained 11).
You recover from your berserk rage.
Found a snail-covered altar of Cheibriados and a burning altar of Makhleb.
There is an open door here.
There is an open door here.
Ijyb the Twisted Goblin comes into view.
A bat comes into view.
Ijyb shouts!
You hear a shout!
The bat misses you.
Ijyb zaps a wand.
You are blasted!
It is a wand of disintegration (8).
The bat misses you.
Ijyb zaps a wand.
You are blasted!
* * * LOW HITPOINT WARNING * * *
The bat hits you but does no damage.
Ijyb zaps a wand.
You are blasted!
You die...

.#..@. ##....# .....#####
....#...# ....#..# ....#.#
########## #g...## ..##.....
#####@....# #.##.####
#...#....#####.##.####
#..#.b..#.#........... #.
#.#....#..#<##.##.####
###...##....#...#..#.##.####
.....#.....#####....##.....
#...#####.#...#..#########
#...# #..#..#....#######
#####...#####...#.#....#.....#


You could see Ijyb, Jessica and a bat.

Vanquished Creatures
  Grinder (D:3)
  An adder (D:2)
  2 gnolls (D:3)
  An ooze (D:3)
  A dart slug (D:3)
  3 leopard geckos
  A ball python (D:1)
  2 giant cockroaches
  2 hobgoblins
  2 quokkas (D:3)
  A bat (D:3)
  2 frilled lizards
  4 kobolds
  3 rats
26 creatures vanquished.

Notes
Turn   | Place    | Note
-------+----------+-------------------------------------------
     0 | D:1      | empire the Gnoll Wanderer began the quest for the Orb.
     0 | D:1      | empire set off with: a phial of floods, 2 scrolls of teleportation, a +0 robe, a +0 dagger, a bread ration
     0 | D:1      | Reached XP level 1. HP: 17/17 MP: 2/2
   727 | D:1      | Reached XP level 2. HP: 22/23 MP: 3/3
   942 | D:2      | Found a shattered altar of Ashenzari.
  1316 | D:3      | Reached XP level 3. HP: 28/28 MP: 4/4
  1586 | D:3      | Reached skill level 1 in Invocations
  1599 | D:3      | Reached skill level 1 in Short Blades
  1599 | D:3      | Reached skill level 1 in Long Blades
  1599 | D:3      | Reached skill level 1 in Axes
  1599 | D:3      | Reached skill level 1 in Maces & Flails
  1599 | D:3      | Reached skill level 1 in Polearms
  1599 | D:3      | Reached skill level 1 in Staves
  1599 | D:3      | Reached skill level 1 in Slings
  1599 | D:3      | Reached skill level 1 in Bows
  1599 | D:3      | Reached skill level 1 in Crossbows
  1599 | D:3      | Reached skill level 1 in Armour
  1599 | D:3      | Reached skill level 1 in Stealth
  1599 | D:3      | Reached skill level 1 in Shields
  1599 | D:3      | Reached skill level 1 in Spellcasting
  1967 | D:3      | Reached XP level 4. HP: 31/34 MP: 6/6
  1988 | D:3      | Noticed Grinder
  2015 | D:3      | Killed Grinder
  2015 | D:3      | Reached skill level 1 in Conjurations
  2015 | D:3      | Reached skill level 1 in Hexes
  2015 | D:3      | Reached skill level 1 in Charms
  2015 | D:3      | Reached skill level 1 in Summonings
  2015 | D:3      | Reached skill level 1 in Necromancy
  2015 | D:3      | Reached skill level 1 in Translocations
  2015 | D:3      | Reached skill level 1 in Fire Magic
  2015 | D:3      | Reached skill level 1 in Ice Magic
  2015 | D:3      | Reached skill level 1 in Air Magic
  2015 | D:3      | Reached skill level 1 in Earth Magic
  2015 | D:3      | Reached XP level 5. HP: 26/41 MP: 7/7
  2015 | D:3      | Reached XP level 6. HP: 30/47 MP: 8/8
  2051 | D:3      | Found a snail-covered altar of Cheibriados.
  2051 | D:3      | Found a burning altar of Makhleb.
  2071 | D:3      | Noticed Ijyb
  2077 | D:3      | Blown up by Ijyb

Vault maps used:
D:1:      dpeg_arrival_tiny_f
D:2:      nicolae_overflow_hidden_temple, lemuel_coloured_pillars_altar
D:3:      gammafunk_temple_overflow_elements, serial_park_tiny_1,
          hangedman_decor_diamond_cutter, uniq_jessica, uniq_terence, uniq_ijyb,
          uniq_grinder

Skill      XL: |  1  2  3  4 |
---------------+-------------+-----
Poison Magic   | 2 |  2.5
Invocations    | 1 2 |  2.0
Short Blades   | 1 |  1.7
Long Blades    | 1 |  1.7
Axes           | 1 |  1.7
Maces & Flails | 1 |  1.7
Polearms       | 1 |  1.7
Staves         | 1 |  1.7
Slings         | 1 |  1.7
Bows           | 1 |  1.7
Crossbows      | 1 |  1.7
Armour         | 1 |  1.7
Stealth        | 1 |  1.7
Shields        | 1 |  1.7
Spellcasting   | 1 |  1.7
Fighting       | 3 |  3.1
Throwing       | 3 |  3.1
Conjurations   | 1 |  1.3
Hexes          | 1 |  1.3
Charms         | 1 |  1.3
Summonings     | 1 |  1.3
Necromancy     | 1 |  1.3
Translocations | 1 |  1.3
Transmutations | 4 |  4.0
Fire Magic     | 1 |  1.3
Ice Magic      | 1 |  1.3
Air Magic      | 1 |  1.3
Earth Magic    | 1 |  1.3
Evocations     | 3 |  3.1
Dodging        | |  4.9
Unarmed Combat | |  4.9

Action                   |  1- 3 |  4- 6 || total
-------------------------+-------+-------++-------
Melee: Dagger            |    42 |       ||    42
       Bite              |    16 |     2 ||    18
       Short sword       |    85 |    18 ||   103
       Punch             |     3 |     1 ||     4
Evoke: Phial of floods   |     1 |       ||     1
  Use: Potion            |       |     3 ||     3
 Stab: Sleeping          |     2 |       ||     2
  Eat: Chunk             |     2 |       ||     2
Armor: Leather armour    |    23 |     6 ||    29
       Robe              |     2 |       ||     2
Dodge: Dodged            |    93 |    12 ||   105

Table legend:
 A = Spawn XP
 B = Non-spawn XP
 C = Spawn XP percentage of total XP
 D = Spawn monster count
 E = Non-spawn monster count
 F = Spawn count percentage of total count
 G = Total turns spent on level
                    A         B        C        D         E        F      G
               +---------+---------+-------+---------+---------+-------+---------
         Total |       0 |     343 |   0.0 |       0 |      26 |   0.0 |  2077
               +---------+---------+-------+---------+---------+-------+---------
           D:1 |       0 |      11 |   0.0 |       0 |       7 |   0.0 |   823
           D:2 |       0 |      21 |   0.0 |       0 |       6 |   0.0 |   475
           D:3 |       0 |     311 |   0.0 |       0 |      13 |   0.0 |   779
               +---------+---------+-------+---------+---------+-------+---------
